Map: Dusk Towers

Players

MCanning

  • Race: Protoss Protoss
  • League: Grandmaster

Epic - Winner!

  • Race: Terran Terran
  • League: Grandmaster

VOD

Have the link to the VOD?

Description

Time

  • Played on: Dec. 4, 2015, 12:48 a.m.
  • Length: 5:10
Show
View Real Time Build Order
Export as new Build Order

MCanning Protoss 

Build Orders: 1 Gate Expand 

Get SALT Encoding   

  12  0:02  Probe (Chrono Boost)  
  13  0:13  Probe (Chrono Boost)  
  14  0:20  Pylon  
  14  0:23  Probe (Chrono Boost)  
  15  0:38  Probe (Chrono Boost)  
  15  0:41  Gateway  
  16  0:49  Probe (Chrono Boost)  
  17  0:54  Assimilator  
  17  0:59  Probe (Chrono Boost)  
  18  1:10  Probe (Chrono Boost)  
  19  1:20  Nexus  
  19  1:33  Cybernetics Core, Probe (Chrono Boost)  
  20  1:40  Assimilator  
  20  1:43  Probe (Chrono Boost)  
  21  1:50  Pylon  
  22  1:54  Probe (Chrono Boost)  
  22  2:04  Probe (Chrono Boost)  
  25  2:15  Mothership Core (Chrono Boost)  
  25  2:16  Pylon  
  25  2:17  Adept  
  27  2:28  Warp Gate  
  27  2:33  Probe x2 (Chrono Boost)  
  28  2:43  Probe (Chrono Boost)  
  29  2:45  Probe (Chrono Boost)  
  29  2:47  Pylon  
  30  2:54  Stalker, Probe (Chrono Boost)  
  30  2:55  Probe (Chrono Boost)  
  34  3:02  Twilight Council  
  34  3:18  Robotics Facility  
  34  3:19  Probe (Chrono Boost)  
  35  3:24  Probe (Chrono Boost)  
  36  3:29  Probe (Chrono Boost)  
  37  3:34  Probe (Chrono Boost)  
  37  3:40  Gateway, Probe (Chrono Boost)  
  39  3:43  Gateway  
  39  3:45  Probe (Chrono Boost)  
  40  3:51  Probe  
  40  3:55  Probe  
  42  4:03  Probe  
  42  4:06  Observer (Chrono Boost)  
  42  4:07  Probe (Chrono Boost)  
  45  4:11  Assimilator  
  45  4:15  Probe (Chrono Boost), Assimilator  
  46  4:17  Pylon  
  46  4:19  Probe (Chrono Boost)  
  47  4:24  Gateway  
  47  4:25  Observer  
  47  4:26  Probe (Chrono Boost)  
  47  4:30  Probe (Chrono Boost)  
  50  4:38  Probe (Chrono Boost)  
  47  4:40  Probe (Chrono Boost)  
  39  4:52  Probe (Chrono Boost)  
  39  4:56  Probe (Chrono Boost)  
  40  5:06  Robotics Bay  
  42  5:09  Pylon  
Show
View Real Time Build Order
Export as new Build Order

Epic Terran - Winner!

Build Orders: Reaper Expand 

Get SALT Encoding   

  12  0:00  SCV  
  13  0:12  SCV  
  14  0:17  Supply Depot  
  14  0:25  SCV  
  15  0:39  SCV  
  15  0:40  Barracks  
  16  0:43  Refinery  
  16  0:51  SCV  
  17  1:03  SCV  
  18  1:15  SCV  
  19  1:27  Orbital Command  
  19  1:28  Reaper  
  20  1:40  Command Center  
  20  1:49  Supply Depot  
  21  1:54  SCV  
  21  2:00  Barracks Reactor  
  21  2:06  SCV  
  22  2:18  SCV  
  22  2:19  Refinery  
  23  2:23  Factory  
  23  2:30  SCV  
  23  2:36  Marine x2  
  26  2:42  SCV  
  27  2:52  Orbital Command  
  27  2:54  SCV, Marine x2  
  30  3:07  SCV  
  30  3:12  Widow Mine  
  31  3:14  Starport  
  31  3:15  Marine x2  
  31  3:18  SCV  
  31  3:19  SCV  
  37  3:29  Supply Depot  
  37  3:30  SCV  
  37  3:31  SCV  
  39  3:38  Marine x2  
  39  3:41  Widow Mine  
  41  3:43  SCV x2  
  41  3:44  Barracks  
  41  3:45  Barracks  
  41  3:46  Supply Depot  
  45  3:50  Medivac  
  45  3:53  Supply Depot  
  48  3:55  SCV  
  48  3:56  SCV  
  48  3:59  Marine  
  48  4:00  Marine  
  51  4:07  SCV  
  51  4:08  SCV  
  51  4:09  Supply Depot  
  53  4:11  Factory Reactor  
  53  4:18  Marine  
  53  4:19  Marine  
  53  4:20  SCV x2  
  57  4:32  SCV x2  
  57  4:37  Barracks Tech Lab x2, Marine x2  
  58  4:44  SCV x2  
  58  4:45  Refinery x2  
  68  5:05  Supply Depot  
Tags
 
Add a new tag
Caveats
  • Supply blocks, unpowered buildings, or Contaminate may cause inaccurate times.
  • Supply counts are checked every 10 seconds.